 Dungeon Crawl Stone Soup version 0.19-a0-1111-gcceb26a (webtiles) character file.

2879 Geppetto the Nimble (level 9, -4/70 (71) HPs)
             Began as a Merfolk Gladiator on Aug 11, 2016.
             Was a Believer of Trog.
             Splashed by a jelly's acid (6 damage)
             ... on level 8 of the Dungeon.
             The game lasted 00:26:41 (8518 turns).

Geppetto the Nimble (Merfolk Gladiator)             Turns: 8518, Time: 00:26:43

HP:   -4/70 (71)    AC: -14   Str: 15    XL:     9   Next: 76%
MP:   9/9           EV: 19    Int: 11    God:    Trog [**....]
Gold: 51            SH:  0    Dex: 17    Spells: 1 memorised, 7 levels left

rFire  . . .     SeeInvis +     a - +0 trident
rCold  . . .     Gourm    .     p - +0 ring mail
rNeg   . . .     Faith    .     (no shield)
rPois  .         Spirit   .     c - +0 helmet
rElec  .         Dismiss  .     D - +1 cloak of Classification {Int+3 SInv}
rCorr  .         Reflect  .     A - +0 pair of gloves
SustAt .         Harm     .     j - +0 pair of boots
MR     .....                    (no amulet)
Stlth  +.........               (no ring)
                                (no ring)

@: corroded
A: change form in water, swift swim
a: Berserk, Trog's Hand, Burn Spellbooks, Renounce Religion


You were on level 8 of the Dungeon.
You worshipped Trog.
Trog was pleased with you.
You were not hungry.

You visited 1 branch of the dungeon, and saw 8 of its levels.

You collected 298 gold pieces.
You spent 247 gold pieces at shops.

Inventory:

Hand Weapons
 a - a +0 trident (weapon)
Missiles
 d - 2 throwing nets
 E - 5 silver javelins
 G - 4 steel javelins (quivered)
Armour
 c - a +0 helmet (worn)
 j - a +0 pair of boots (worn)
 p - a +0 ring mail (worn)
 t - a +2 chain mail of fire resistance
 A - a +0 pair of gloves (worn)
 D - the +1 cloak of Classification (worn) {Int+3 SInv}
   (You bought it in a shop on level 6 of the Dungeon)

   It affects your intelligence (+3).
   It lets you see invisible.
Jewellery
 I - a +4 ring of evasion {unknown}
Wands
 b - a wand of paralysis (11/24)
 e - a wand of random effects (36/48)
Scrolls
 g - a scroll of amnesia
 l - 3 scrolls of recharging
 q - a scroll of magic mapping {unknown}
 u - a scroll of immolation {unknown}
 v - 3 scrolls of remove curse
 x - a scroll of enchant weapon {unknown}
 y - 3 scrolls of teleportation
 B - 2 scrolls of blinking {unknown}
Potions
 h - 2 potions of brilliance {unknown}
 i - a potion of degeneration {unknown}
 k - a potion of invisibility {unknown}
 m - 3 potions of cancellation
 o - 2 potions of haste
 r - 2 potions of flight
 s - a potion of lignification
 w - a potion of magic {unknown}
 z - 3 potions of curing
 J - a potion of agility
 K - a potion of cure mutation {unknown}
Comestibles
 f - 5 bread rations
 n - a slice of pizza
 C - 3 meat rations
 F - 3 chunks of flesh
 H - 2 beef jerkies


   Skills:
 - Level 6.7 Fighting
 - Level 6.2 Polearms
 + Level 5.7 Throwing
 + Level 13.1 Dodging


You had 7 spell levels left.
You knew the following spells:

 Your Spells              Type           Power        Failure   Level  Hunger
a - Summon Butterflies    Summ           #.......     73%         1    ##.....


Dungeon Overview and Level Annotations

Branches:
Dungeon (8/15)             Temple (0/1) D:6
   Lair: D:8-11

Altars:
Kikubaaqudgha
Nemelex Xobeh
Okawaru
Sif Muna
Trog
Uskayaw

Shops:
D:6 [


Message History

* * * LOW HITPOINT WARNING * * *
The adder misses you.
You hit the adder but do no damage.
The adder is almost dead.
The jelly hits you.
* * * LOW HITPOINT WARNING * * *
You are splashed with acid!
The acid burns!
* * * LOW HITPOINT WARNING * * *
The adder completely misses you.
You hit the adder but do no damage.
The adder is almost dead.
The adder misses you. The jelly closely misses you.
You miss the adder.
The adder is almost dead.
The adder bites you.
* * * LOW HITPOINT WARNING * * *
The jelly hits you.
* * * LOW HITPOINT WARNING * * *
You are splashed with acid!
The acid corrodes you!
The acid burns!
You die...

#.# #.# #.#
##.######## ##
....†.....#######..
...######.......#.#
.### #.#####.#.#
.########.## #J#S#
.%.........# #.@#
..#######..# #.##
..# #.<.#†.#####.
..# #.........<..
..# #...#.#.#.####
#.# ##....#...#
#..#####.. .).. .##
...## #


You could see a jelly and an adder.

Vanquished Creatures
  Eustachio (D:6)
  Duvessa (D:4)
  An orc warrior (D:7)
  A sky beast (D:8)
  A necrophage (D:6)
  A black bear (D:7)
  6 ogres
  4 phantoms
  A big kobold (D:7)
  A giant frog (D:6)
  Dowan (D:4)
  A scorpion (D:6)
  3 wights (D:6)
  A howler monkey (D:4)
  3 crimson imps
  A giant frog skeleton (D:7)
  6 orc wizards
  A centaur skeleton (D:7)
  3 orc priests
  Terence (D:2)
  2 iguanas (D:7)
  Natasha (thrice) (D:3)
  7 worker ants
  A hound zombie (D:7)
  A hound skeleton (D:6)
  3 howler monkey skeletons
  A worker ant zombie (D:6)
  4 gnolls (D:7)
  6 adders
  2 oozes
  An adder zombie (D:2)
  3 adder skeletons
  5 worms
  A dart slug (D:2)
  2 giant geckos
  13 orcs
  3 bat zombies (D:2)
  7 giant cockroaches
  9 goblins
  3 hobgoblins
  17 jackals
  A ball python skeleton (D:2)
  3 bats (D:2)
  4 giant newts
  8 kobolds
  A quokka skeleton (D:6)
  A quokka zombie (D:2)
  5 rats
156 creatures vanquished.

Vanquished Creatures (others)
  A giant cockroach (D:3)
1 creature vanquished.

Grand Total: 157 creatures vanquished

Notes
Turn   | Place    | Note
-------+----------+-------------------------------------------
     0 | D:1      | Geppetto the Merfolk Gladiator began the quest for the Orb.
     0 | D:1      | Reached XP level 1. HP: 16/16 MP: 1/1
   178 | D:1      | Reached skill level 5 in Polearms
   181 | D:1      | Reached XP level 2. HP: 22/22 MP: 2/2
   924 | D:2      | Reached XP level 3. HP: 21/27 MP: 3/3
  1369 | D:2      | Noticed Terence
  1426 | D:2      | Reached XP level 4. HP: 34/34 MP: 4/4
  1675 | D:2      | Found a faded altar of an unknown god.
  1820 | D:2      | Killed Terence
  1820 | D:2      | Reached skill level 5 in Dodging
  2100 | D:3      | Noticed Natasha
  2108 | D:3      | Killed Natasha
  2108 | D:3      | Reached XP level 5. HP: 23/41 MP: 5/5
  2161 | D:3      | Noticed Natasha
  2166 | D:3      | Killed Natasha
  2176 | D:3      | Noticed a phantom
  2194 | D:3      | Killed a phantom
  2194 | D:3      | Reached skill level 6 in Dodging
  2194 | D:3      | Reached XP level 6. HP: 31/48 MP: 6/6
  2341 | D:3      | Noticed Natasha
  2348 | D:3      | Killed Natasha
  2353 | D:3      | Found a deep blue altar of Sif Muna.
  2366 | D:3      | Reached skill level 7 in Dodging
  2528 | D:3      | Identified Sif Muna's Volume of Lightness
  2652 | D:3      | Found a sparkling altar of Nemelex Xobeh.
  2777 | D:3      | Found a hide-covered altar of Uskayaw.
  2989 | D:4      | Noticed a phantom
  2990 | D:4      | Noticed Dowan
  3007 | D:4      | Reached skill level 8 in Dodging
  3007 | D:4      | Reached XP level 7. HP: 30/55 MP: 7/7
  3014 | D:4      | Killed Dowan
  3024 | D:5      | Entered Level 5 of the Dungeon
  3233 | D:4      | Noticed Duvessa
  3260 | D:4      | Killed Duvessa
  3260 | D:4      | Reached skill level 5 in Fighting
  3260 | D:4      | Reached skill level 9 in Dodging
  3260 | D:4      | HP: 3/84 [ogre/giant club (13)]
  3816 | D:4      | Found an ancient bone altar of Kikubaaqudgha.
  4081 | D:4      | Learned a level 1 spell: Summon Butterflies
  4198 | D:5      | Reached XP level 8. HP: 39/63 MP: 8/8
  4412 | D:5      | Found a bloodstained altar of Trog.
  4417 | D:5      | Became a worshipper of Trog the Wrathful
  4948 | D:5      | Reached skill level 10 in Dodging
  5615 | D:6      | Noticed Eustachio
  6046 | D:6      | Killed Eustachio
  6046 | D:6      | Reached * piety under Trog
  6046 | D:6      | Reached skill level 11 in Dodging
  6431 | D:6      | Reached XP level 9. HP: 70/70 MP: 9/9
  6572 | D:6      | Found a staircase to the Ecumenical Temple.
  6635 | D:6      | Reached skill level 12 in Dodging
  6753 | D:6      | Found Jimuxoeh's Antique Armour Boutique.
  6761 | D:6      | Bought an ancient cloak for 247 gold pieces
  6771 | D:6      | Identified the +1 cloak of Classification {Int+3 SInv} (You bought it in a shop on level 6 of the Dungeon)
  7198 | D:7      | Reached ** piety under Trog
  8029 | D:7      | Reached skill level 5 in Throwing
  8264 | D:7      | Reached skill level 13 in Dodging
  8336 | D:7      | Found an iron altar of Okawaru.
  8518 | D:8      | HP: 2/70 [jelly (2)]
  8518 | D:8      | Splashed by a jelly's acid

Vault maps used:
D:1:      minmay_arrival_glassed_features, kennysheep_minor_cross
D:2:      serial_undead, serial_undead_d, serial_undead_e, serial_undead_a,
          serial_undead_c, ecumenical_altar_2, uniq_terence
D:3:      nemelex_altar_shiori, nicolae_overflow_crystal_walls, led_sif_book,
          nrook_mini_vaults, uniq_natasha
D:4:      kennysheep_mini_moat, uniq_duvessa
D:5:      lemuel_upstairs_altar, marbit_many_paths, first_bread,
          kennysheep_generic_room_9
D:6:      serial_shops, shop_statue, uniq_eustachio
D:7:      kennysheep_okawaru_gauntlet
D:8:      nicolae_ru_the_path_less_chosen

Skill      XL: |  1  2  3  4  5  6  7  8  9 |
---------------+----------------------------+-----
Polearms       | 5 6 |  6.2
Dodging        | 5 6 8 9 11 13 | 13.1
Fighting       | 3 4 5 6 |  6.7
Throwing       | 3 5 |  5.7

Action                   |  1- 3 |  4- 6 |  7- 9 || total
-------------------------+-------+-------+-------++-------
Melee: Trident           |    86 |   185 |   633 ||   904
       Tailslap          |       |       |     1 ||     1
Throw: Javelin           |       |       |    31 ||    31
       Throwing net      |       |       |     1 ||     1
Invok: Burn Spellbooks   |       |       |     1 ||     1
       Berserk           |       |       |     3 ||     3
Evoke: Wand              |       |     4 |       ||     4
  Use: Scroll            |     2 |     8 |     3 ||    13
       Potion            |       |       |     7 ||     7
 Stab: Sleeping          |     1 |       |       ||     1
       Paralysed         |       |     5 |       ||     5
  Eat: Chunk             |     2 |     5 |    16 ||    23
       Meat ration       |       |       |     1 ||     1
       Beef jerky        |       |       |     1 ||     1
Armor: Leather armour    |     5 |       |       ||     5
       Ring mail         |    15 |    37 |    92 ||   144
       Skin              |       |       |    13 ||    13
Dodge: Dodged            |    64 |    81 |   456 ||   601
